 Dungeon Sprint DCSS version 0.28.0-53-g5a82cb258f (webtiles) character file.

Game seed: 14926584576972583710

65 Zeld the Magician (level 3, -1/19 HPs)
             Began as a Deep Elf Conjurer on May 29, 2022.
             Killed from afar by an oklob sapling (20 damage)
             ... with a splash of acid
             ... in the Dungeon (Sprint IV: "Fedhas' Mad Dash").
             The game lasted 00:00:35 (608 turns).

Zeld the Magician (Deep Elf Conjurer)                Turns: 608, Time: 00:00:35

Health: -1/19      AC:  2    Str:  4    XL:     3   Next: 92%
Magic:  10/13      EV: 12    Int: 24    God:
Gold:   0          SH:  0    Dex: 13    Spells: 10/16 levels left

rFire   . . .      SeeInvis .   (no weapon)
rCold   . . .      Faith    .   (no shield)
rNeg    . . .      Spirit   .   a - +0 robe
rPois   .          Reflect  .   (no helmet)
rElec   .          Harm     .   (no cloak)
rCorr   .          Rampage  .   (no gloves)
Will    .....      NoTele   +   (no boots)
Stlth   ++........              (no amulet)
HPRegen 0.06/turn               (no ring)
MPRegen 0.13/turn               (no ring)

@: no status effects
A: no striking features
a: no special abilities


You were in the Dungeon.
You visited 1 branch

Inventory:

Armour
 a - a +0 robe (worn)
Scrolls
 g - a scroll of blinking
Potions
 b - a potion of curing
 d - a potion of haste
 e - 2 potions of magic
 f - a potion of berserk rage


   Skills:
 - Level 2.4 Dodging
 - Level 2.4 Stealth
 * Level 7.2 Spellcasting
 * Level 7.1 Conjurations
 - Level 2.0 Hexes
 - Level 2.0 Translocations


You had 10 spell levels left.
You knew the following spells:

 Your Spells              Type           Power      Damage    Failure   Level
a - Magic Dart            Conj           100%       1d8       1%          1
b - Searing Ray           Conj           84%        2d7       1%          2
z - Dazzling Flash        Conj/Hex       60%        N/A       3%          3

Your spell library contained the following spells:

 Spells                   Type           Power      Damage    Failure   Level
 Fulminant Prism          Conj/Hex       15%        3d11      11%         4
 Iskenderun's Mystic Bla  Conj/Tloc      30%        2d8       11%         4


Dungeon Overview and Level Annotations

Branches:
Dungeon (1/1)

Altars:

Annotations:
D exclusion: oklob sapling


Message History

This spell is quite dangerous to cast!
Memorise Dazzling Flash, consuming 3 spell levels and leaving 10?
You feel sick.
You start memorising the spell.
You continue memorising.
You feel sick.
You continue memorising.
You feel sick.
You continue memorising.
You feel sick.
You finish memorising.
Spell assigned to 'c'.
Adjust (i)tems, (s)pells, or (a)bilities?
Adjust which spell? c - Dazzling Flash Adjust to which letter? z - Dazzling Flash You feel sick.
You start resting.
You feel sick.
You are no longer poisoned.
You start resting.
Magic restored.
You start resting.
HP restored.
You start waiting.
Done waiting.
Really walk into a travel-excluded area?
Casting: Searing Ray (safe; 1% risk of failure)
Confirm with . or Enter, or press ? or * to list all spells.
Aiming: Searing Ray (safe; 1% risk of failure)
Press: ? - help, Shift-Dir - straight line, f - oklob sapling
Aim: an oklob sapling (unaware, hasn't noticed you, 100% to hit)
The searing ray hits the oklob sapling.
The oklob sapling is almost destroyed. (Press . to maintain the ray.) Unknown command.
The searing ray hits the oklob sapling but does no damage.
The oklob sapling is almost destroyed.
The oklob sapling spits acid at you. The splash of acid hits you!!
Ouch! That really hurt!
You die...

#################
#<..P#.....#.$$$$
#.P..'.)@..'.#
#P.PP#.....#P#
############


You could see an oklob sapling.

Vanquished Creatures
  A scorpion (D)
  A river rat (D)
  A rat (D)
3 creatures vanquished.

Vanquished Creatures (others)
  2 fungi (D)
2 creatures vanquished.

Grand Total: 5 creatures vanquished

Notes
Turn   | Place    | Note
-------+----------+-------------------------------------------
     0 | D        | Zeld the Deep Elf Conjurer began the quest for the Orb.
     0 | D        | Reached XP level 1. HP: 10/10 MP: 6/6
    15 | D        | Reached skill level 5 in Conjurations
    15 | D        | Reached skill level 1 in Hexes
    15 | D        | Reached skill level 1 in Translocations
    15 | D        | Reached XP level 2. HP: 15/15 MP: 1/9
   196 | D        | Learned a level 2 spell: Searing Ray
   301 | D        | Noticed an oklob sapling
   323 | D        | Noticed a scorpion
   332 | D        | Killed a scorpion
   333 | D        | Reached XP level 3. HP: 14/19 MP: 1/13
   337 | D        | Learned a level 3 spell: Dazzling Flash
   608 | D        | Killed from afar by an oklob sapling

Illustrated notes

Levels and vault maps discovered:
D:        dungeon_sprint_fedhas [sprint_temple]

Skill      XL: |  1  2 |
---------------+-------+-----
Spellcasting   | 4 7 |  7.2
Conjurations   | 5 7 |  7.1
Hexes          | 1 2 |  2.0
Translocations | 1 2 |  2.0
Dodging        | |  2.4
Stealth        | |  2.4

Action                   || total
-------------------------++-------
Melee: Unarmed           ||     4
 Cast: Magic Dart        ||     6
       Searing Ray       ||     5
  Use: Potion            ||     1
Armor: Robe              ||     1
Dodge: Dodged            ||     2
